 Dungeon Crawl Stone Soup version 0.31.0-32-g396128a36d (webtiles) character file.

Game seed: 9985019471002296454

25 PaiMei the Grave Robber (level 2, -4/20 HPs)
             Began as a Demonspawn Necromancer on Apr 10, 2024.
             Incinerated by a bombardier beetle (5 damage)
             ... with a burning spray
             ... on level 2 of the Dungeon.
             The game lasted 00:01:55 (1489 turns).

PaiMei the Grave Robber (Demonspawn Necromancer)    Turns: 1489, Time: 00:01:56

Health: -4/20      AC:  3    Str:  8    XL:     2   Next: 86%
Magic:  0/5        EV: 12    Int: 15    God:
Gold:   102        SH:  0    Dex: 13    Spells: 4/5 levels left

rFire   . . .        d - +0 short sword
rCold   . . .        (no shield)
rNeg    . . .        a - +0 robe
rPois   .            (no helmet)
rElec   .            (no cloak)
rCorr   .            (no gloves)
SInv    .            c - +0 pair of boots
Will    .....        (no amulet)
Stlth   +            (no ring)
HPRegen 0.23/turn    (no ring)
MPRegen 0.09/turn

%: no passive effects
@: on fire, glowing
A: claws 1
a: no special abilities


You were on level 2 of the Dungeon.
You visited 1 branch of the dungeon, and saw 2 of its levels.

You collected 102 gold pieces.

Inventory:

Hand Weapons
 d - a +0 short sword (weapon)
Armour
 a - a +0 robe (worn)
 c - a +0 pair of boots (worn)
Scrolls
 e - a scroll of revelation {unknown}
 f - 2 scrolls of noise {unknown}
 g - 2 scrolls of teleportation {unknown}
Potions
 b - a potion of magic
 h - a potion of enlightenment {unknown}
 i - a potion of mutation {unknown}


   Skills:
 + Level 0.5 Fighting
 + Level 2.1 Dodging
 - Level 2.0 Stealth
 + Level 2.3 Spellcasting
 + Level 4.6 Necromancy


You had 4 spell levels left.
You knew the following spells:

 Your Spells              Type           Power      Damage    Failure   Level
a - Necrotise             Necr           60%        1d7       3%          1

Your spell library contained the following spells:

 Spells                   Type           Power      Damage    Failure   Level
 Vampiric Draining        Necr           15%        2d7       10%         3
 Sting                    Conj/Alch      4%         1d3       22%         1
 Animate Dead             Necr           15%        N/A       30%         4
 Mercury Vapours          Alch/Air       2%         N/A       32%         2
 Olgreb's Toxic Radiance  Alch           1%         N/A       91%         4
 Curse of Agony           Necr           15%        N/A       65%         5


Dungeon Overview and Level Annotations

Branches:
Dungeon (2/15)

Altars:

Shops:
D:1 ?!?(


Innate Abilities, Weirdness & Mutations

You have sharp fingernails.


Message History

Press: ? - help, Shift-Dir - straight line, f/p - bombardier beetle
Aim: a bombardier beetle (chance to affect: 72%)
The bombardier beetle writhes in agony.
The liquid fire burns you!
The bombardier beetle waves its antennae.
The bombardier beetle sprays incendiary fluid at you.
The burning spray hits you.
You are even more covered in liquid fire!
Casting: Necrotise (safe; 3% risk of failure)
Confirm with . or Enter, or press ? or * to list all spells.
Aiming: Necrotise (safe; 3% risk of failure)
Press: ? - help, Shift-Dir - straight line, f/p - bombardier beetle
Aim: a bombardier beetle (moderately wounded, chance to affect: 72%)
The bombardier beetle writhes in agony!
The liquid fire burns you!
Casting: Necrotise (safe; 3% risk of failure)
Confirm with . or Enter, or press ? or * to list all spells.
Aiming: Necrotise (safe; 3% risk of failure)
Press: ? - help, Shift-Dir - straight line, f/p - bombardier beetle
Aim: a bombardier beetle (heavily wounded, chance to affect: 72%)
The bombardier beetle writhes in agony.
The liquid fire burns you!
The bombardier beetle closely misses you.
Casting: Necrotise (safe; 3% risk of failure)
Confirm with . or Enter, or press ? or * to list all spells.
Aiming: Necrotise (safe; 3% risk of failure)
Press: ? - help, Shift-Dir - straight line, f/p - bombardier beetle
Aim: a bombardier beetle (severely wounded, chance to affect: 72%)
The bombardier beetle writhes in agony.
The liquid fire burns you!
* * * LOW HITPOINT WARNING * * *
Casting: Necrotise (safe; 3% risk of failure)
Confirm with . or Enter, or press ? or * to list all spells.
You don't have enough magic to cast this spell.
You shake off some of the fire as you move.
The liquid fire burns you!
* * * LOW HITPOINT WARNING * * *
You shake off some of the fire as you move.
The liquid fire burns you!
You die...

..# #........####
#########. ....
+............. #.
#..##........#####
#. #..#........#
#. #..........# #.
##.........# #.
#.........# #.
#.........########
#.
#.......@.B......#
#.
##....###.######.#
#. ##.#.# #.# ##
#.#.###.#
#.#..##.#
#.##.##.# #...
#.##.##.# #..#
..##..#.# #..#
#####...# #..#


You could see a bombardier beetle.

Vanquished Creatures
  A dart slug (D:1)
  2 ball pythons
  An endoplasm (D:2)
  A giant cockroach (D:1)
  2 goblins (D:1)
  4 hobgoblins (D:1)
  2 bats (D:1)
  A frilled lizard (D:1)
  3 kobolds
  4 rats
21 creatures vanquished.

Vanquished Creatures (collateral kills)
  A ball python (D:1)
  A kobold (D:1)
2 creatures vanquished.

Grand Total: 23 creatures vanquished

Notes
Turn   | Place    | Note
-------+----------+-------------------------------------------
     0 | D:1      | PaiMei the Demonspawn Necromancer began the quest for the
                  | Orb.
     0 | D:1      | Reached XP level 1. HP: 13/13 MP: 3/3
   105 | D:1      | Found Vupetuz's Magic Scroll Shoppe.
   237 | D:1      | Found Kocleg's Distillery.
   323 | D:1      | Gained mutation: You have sharp fingernails. [demonic
                  | ancestry]
   323 | D:1      | Reached XP level 2. HP: 19/19 MP: 1/5
   682 | D:1      | Found Qintem's Magic Scroll Emporium.
  1009 | D:1      | Found Menoqaci's Weapon Shop.
  1481 | D:2      | Noticed a bombardier beetle
  1488 | D:2      | HP: 1/20 [burnt (5)]
  1489 | D:2      | Incinerated by a bombardier beetle

Illustrated notes

Levels and vault maps discovered:
D:1:      psy_arrival_heroes, layout_loops_cross, serial_shops, shop,
          nicolae_shop_bloodbath_and_beyond, shop, nicolae_square_shop
D:2:      layout_basic

Skill      XL: |  1 |
---------------+----+-----
Stealth        | 2 |  2.0
Dodging        | 2 |  2.1
Fighting       | |  0.5
Spellcasting   | |  2.3
Necromancy     | |  4.6

Action                     || total
---------------------------++-------
  Melee: Unarmed           ||     4
         Short sword       ||    10
   Cast: Necrotise         ||    53
 Armour: Robe              ||    18
  Dodge: Dodged            ||    20
